 Dungeon Crawl Stone Soup version 0.23.2-40-g277498a (webtiles) character file.

Game seed: 8714664427631390607

1019 BoppinsLewinski the Carver (level 8, -13/63 HPs)
             Began as a Centaur Fighter on Sept 13, 2019.
             Mangled by an ogre
             ... wielding a +0 giant club
              (21 damage)
             ... on level 6 of the Dungeon.
             The game lasted 00:10:20 (4685 turns).

BoppinsLewinski the Carver (Centaur Fighter)        Turns: 4685, Time: 00:10:20

Health: -13/63     AC: 16    Str: 19    XL:     8   Next: 2%
Magic:  8/8        EV:  3    Int:  7    God:
Gold:   199        SH:  0    Dex: 11    Spells: 7/7 levels left

rFire    . . .     SeeInvis +   a - +0 long sword
rCold    . . .     Gourm    .   (no shield)
rNeg     + . .     Faith    .   g - +0 chain mail
rPois    .         Spirit   .   (no helmet)
rElec    .         Reflect  .   d - +0 cloak
rCorr    .         Harm     .   (no gloves)
MR       .....     Rnd*Rage +   n - +1 centaur barding
Stlth    ..........             (no amulet)
HPRegen  0.00/turn              (no ring)
MPRegen  0.11/turn              t - ring of positive energy

@: very quick
A: large, hooves 3, iridescent scales 1, see invisible, berserk 1, deformed
body, speed 2, inhibited regeneration, tough skin 3
a: no special abilities


You were on level 6 of the Dungeon.
You were not hungry.

You visited 2 branches of the dungeon, and saw 7 of its levels.

You collected 199 gold pieces.

Inventory:

Hand Weapons
 a - a +0 long sword (weapon)
Armour
 d - a +0 cloak (worn)
 g - a +0 chain mail (worn)
 n - a +1 centaur barding (worn)
Jewellery
 t - a ring of positive energy (right hand)
Wands
 s - a wand of flame (12)
Scrolls
 b - a scroll of magic mapping {unknown}
 c - a scroll of enchant weapon {unknown}
 e - 2 scrolls of teleportation {unknown}
 h - 3 scrolls of remove curse {unknown}
 k - a scroll of fear {unknown}
 l - 2 scrolls of random uselessness {unknown}
 o - 2 scrolls of immolation {unknown}
 p - 2 scrolls of blinking {unknown}
 q - a scroll of fog {unknown}
 w - a scroll of enchant armour {unknown}
Potions
 i - 4 potions of curing
 j - 2 potions of magic
 m - a potion of flight
 r - a potion of lignification
 z - a potion of ambrosia
Comestibles
 f - 6 rations


   Skills:
 + Level 3.3 Fighting
 * Level 8.3 Long Blades
 + Level 2.4 Armour
 + Level 0.8 Dodging
   Level 2.1 Shields


You had 7 spell levels left.
You didn't know any spells.
Your spell library was empty.

Dungeon Overview and Level Annotations

Branches:
Dungeon (6/15)             Temple (1/1) D:4

Altars:
Cheibriados
Dithmenos
Elyvilon
Fedhas
Gozag
Hepliaklqana
Kikubaaqudgha
Makhleb
Ru
Sif Muna
Trog
Uskayaw
Vehumet
Xom
Yredelemnul
Zin
The Shining One


Innate Abilities, Weirdness & Mutations

You have hooves in place of feet.
Armour fits poorly on your strangely shaped body.
You cover ground very quickly.
You have extremely tough skin. (AC +3)
You are partially covered in iridescent scales. (AC +2)
You have supernaturally acute eyesight. (SInv)
You tend to lose your temper in combat.
You do not regenerate when monsters are visible.


Message History

You barely miss the ogre.
The ogre is heavily wounded.
Unknown command.
You hit the ogre but do no damage. You kick the ogre!
The ogre is severely wounded.
The ogre hits you with a +0 giant club!!
* * * LOW HITPOINT WARNING * * *
Unknown command.
You barely miss the ogre. You kick the ogre.
The ogre is almost dead.
The ogre hits you with a +0 giant club.
* * * LOW HITPOINT WARNING * * *
Unknown command.
Unknown command.
You feel better. The ogre hits you with a +0 giant club.
* * * LOW HITPOINT WARNING * * *
You barely miss the ogre. Your kick misses the ogre.
The ogre is almost dead.
The ogre hits you with a +0 giant club!!
You die...

##. ... #..
#..###### #
#.$.....###.#
###...........#
.........._...#
#.O@._8_..#
#.#....._...#
#..........##
.........#.####
#.#####.##.# #
#.# .# #.# #
... ###


You could see an ogre.

Vanquished Creatures
  A phantom (D:5)
  A necrophage (D:5)
  A sky beast (D:5)
  An ogre (D:4)
  2 centaurs (D:5)
  A scorpion (D:5)
  2 centaur skeletons
  2 hounds
  Crazy Yiuf (D:3)
  Jessica (D:2)
  An iguana (D:4)
  Natasha (thrice) (D:2)
  A worker ant (D:4)
  A hound skeleton (D:4)
  A gnoll (D:1)
  4 adders
  3 oozes
  2 adder zombies (D:1)
  An adder skeleton (D:4)
  3 worms
  A dart slug (D:2)
  4 leopard geckos
  2 orcs (D:3)
  8 bats
  4 giant cockroaches
  9 goblins
  7 hobgoblins
  12 jackals
  2 quokkas
  2 frilled lizards
  8 kobolds
  3 leopard gecko skeletons
  2 rats (D:1)
97 creatures vanquished.

Notes
Turn   | Place    | Note
-------+----------+-------------------------------------------
     0 | D:1      | BoppinsLewinski the Centaur Fighter began the quest for the
                  | Orb.
     0 | D:1      | Reached XP level 1. HP: 19/19 MP: 1/1
    24 | D:1      | Reached skill level 2 in Long Blades
    70 | D:1      | Reached XP level 2. HP: 25/26 MP: 2/2
   203 | D:1      | Reached skill level 3 in Long Blades
   226 | D:1      | Reached XP level 3. HP: 30/31 MP: 3/3
   881 | D:2      | Noticed Natasha
   889 | D:2      | Killed Natasha
   889 | D:2      | Reached skill level 4 in Long Blades
   889 | D:2      | Reached XP level 4. HP: 33/38 MP: 4/4
   894 | D:2      | Noticed Natasha
   899 | D:2      | Killed Natasha
  1077 | D:2      | Noticed Jessica
  1082 | D:2      | Killed Jessica
  1082 | D:2      | Reached XP level 5. HP: 45/45 MP: 5/5
  1145 | D:2      | Found a blossoming altar of Fedhas.
  1222 | D:2      | Noticed Natasha
  1234 | D:2      | Killed Natasha
  1234 | D:2      | Reached skill level 5 in Long Blades
  1847 | D:3      | Found a runed translucent door.
  1848 | D:3      | Noticed Crazy Yiuf
  2064 | D:3      | Killed Crazy Yiuf
  2278 | D:4      | Reached XP level 6. HP: 48/51 MP: 6/6
  2323 | D:4      | Reached skill level 6 in Long Blades
  2409 | D:4      | Found a shadowy altar of Dithmenos.
  2468 | D:4      | Found a staircase to the Ecumenical Temple.
  3162 | D:5      | Entered Level 5 of the Dungeon
  3275 | Temple   | Entered the Ecumenical Temple
  3523 | D:5      | Reached skill level 7 in Long Blades
  3523 | D:5      | Reached XP level 7. HP: 36/57 MP: 7/7
  3852 | D:5      | Reached skill level 8 in Long Blades
  4474 | D:6      | Found an ancient bone altar of Kikubaaqudgha.
  4474 | D:6      | Found a white marble altar of Elyvilon.
  4474 | D:6      | Found a deep blue altar of Sif Muna.
  4474 | D:6      | Found a sacrificial altar of Ru.
  4488 | D:5      | Gained mutation: You are partially covered in iridescent
                  | scales. (AC +2) [potion of mutation]
  4488 | D:5      | Gained mutation: You do not regenerate when monsters are
                  | visible. [potion of mutation]
  4488 | D:5      | Gained mutation: You tend to lose your temper in combat.
                  | [potion of mutation]
  4488 | D:5      | Gained mutation: You have supernaturally acute eyesight.
                  | (SInv) [potion of mutation]
  4493 | D:5      | Reached XP level 8. HP: 21/63 MP: 8/8
  4683 | D:6      | HP: 2/63 [ogre/+0 giant club (6)]
  4685 | D:6      | Mangled by an ogre

Skill      XL: |  1  2  3  4  5  6  7 |
---------------+----------------------+-----
Long Blades    | 2 3 4 5 7 8 |  8.3
Fighting       | |  3.3
Armour         | |  2.4
Dodging        | |  0.8
Shields        | |  2.1

Action                   |  1- 3 |  4- 6 |  7- 9 || total
-------------------------+-------+-------+-------++-------
Melee: Long sword        |    90 |   128 |    61 ||   279
       Kick              |    26 |    36 |    22 ||    84
  Use: Potion            |     1 |     6 |     4 ||    11
       Scroll            |       |       |     4 ||     4
  Eat: Chunk             |       |     5 |     2 ||     7
       Ration            |       |       |     1 ||     1
Armor: Scale mail        |     8 |       |       ||     8
       Chain mail        |    58 |   142 |    46 ||   246
Dodge: Dodged            |    28 |    32 |    10 ||    70
       Rpst.: Long sword |    13 |     8 |     7 ||    28
